 Dungeon Crawl Stone Soup version 0.30-a0-760-g5a9884bb7c (webtiles) character file.

Game seed: 11713206919748700579

10479 dolemite99 the Skirmisher (level 11, -12/82 HPs)
             Began as a Djinni Hunter on Feb 11, 2023.
             Was an Initiate of Gozag.
             Mangled by a death yak (18 damage)
             ... on level 11 of the Dungeon.
             The game lasted 00:30:17 (15086 turns).

dolemite99 the Skirmisher (Djinni Hunter)          Turns: 15086, Time: 00:30:18

Health: -12/82     AC:  9    Str: 10    XL:     11   Next: 93%
Gold:   1276       EV: 15    Int: 20    God:    Gozag SH:  0 Dex: 24

rFire   + + .      SeeInvis .    a - +6 shortbow (freeze)
rCold   x . .      Faith    .    (shield currently unavailable)
rNeg    . . .      Spirit   .    c - +1 leather armour
rPois   ∞          Reflect  .    L - +1 helmet
rElec   .          Harm     .    (no cloak)
rCorr   .          Rampage  .    E - +2 pair of gloves of the Dropbear {Drain Will+++}
Will    ++++.                    (boots unavailable)
Stlth   ++                       f - amulet of regeneration
HPRegen 1.13/turn                l - +6 ring of intelligence
MPRegen 0.00/turn                t - +6 ring of dexterity

@: gold aura, flying, very slightly contaminated
A: sickness immunity, fire resistance 2, cold vulnerability 1, float, innate
caster, HP casting, extra vitality 1
a: Renounce Religion, Potion Petition, Call Merchant, Bribe Branch


You were on level 11 of the Dungeon.
You worshipped Gozag.
Gozag was most pleased with you.
You visited 2 branches of the dungeon, and saw 12 of its levels.
You also visited: Ossuary.

You collected 2368 gold pieces.
You spent 466 gold pieces at shops.
You paid 626 gold pieces to Gozag.

Inventory:

Hand Weapons
 a - a +6 shortbow of freezing (weapon)
 b - a +1 dagger of venom
 d - a +3 great sword of freezing
 j - a +0 whip of electrocution
 k - a +0 vampiric short sword
 m - a +0 short sword of speed
 q - the +1 war axe of Hatred {heavy, rElec rPois rF+ SInv}
   (You found it on level 8 of the Dungeon)

   rF:        It protects you from fire.
   rElec:     It insulates you from electricity.
   rPois:     It protects you from poison.
   SInv:      It lets you see invisible.
 B - a +3 scimitar
Missiles
 p - 3 throwing nets
Armour
 c - a +1 leather armour (worn)
 E - the +2 pair of gloves of the Dropbear (worn) {Drain Will+++}
   (You acquired it on level 8 of the Dungeon)

   Drain:     It drains your maximum health when unequipped.
   Will:      It greatly increases your willpower.
 J - a scarf of harm
 L - a +1 helmet (worn)
Jewellery
 f - an amulet of regeneration (around neck)
 h - a +6 ring of strength
 l - a +6 ring of intelligence (left hand)
 t - a +6 ring of dexterity (right hand)
Wands
 r - a wand of flame (5)
 K - a wand of light (6)
Scrolls
 e - a scroll of poison
 i - 5 scrolls of immolation
 n - a scroll of magic mapping
 o - 2 scrolls of fog
 s - 2 scrolls of identify {@r1}
 v - 5 scrolls of teleportation
 x - 2 scrolls of vulnerability
 y - a scroll of butterflies
 C - 3 scrolls of blinking
 H - a scroll of amnesia
 I - a scroll of enchant armour
Potions
 g - 2 potions of mutation
 u - a potion of brilliance
 w - 2 potions of ambrosia
 z - 7 potions of curing
 A - 2 potions of resistance
 F - 3 potions of flight {unknown}
 G - a potion of heal wounds
Miscellaneous
 D - a box of beasts (inert)


   Skills:
 - Level 8.7 Fighting
 - Level 7.6 Short Blades
 - Level 10.2 Ranged Weapons
 + Level 5.5 Dodging
 - Level 0.7 Stealth
 - Level 4.2 Spellcasting


You had 4 spell levels left.
You knew the following spells:

 Your Spells              Type           Power      Damage    Failure   Level
a - Poisonous Vapours     Pois/Air       42%        N/A       4%          2
b - Ignite Poison         Fire/Tmut/Pois 21%        N/A       9%          3
c - Kiss of Death         Conj/Necr      84%        2d11      3%          1
d - Summon Guardian Gole  Hex/Summ       21%        N/A       9%          3
e - Irradiate             Conj/Tmut      10%        3d15      63%         5
Your spell library was empty.

Dungeon Overview and Level Annotations

Branches:
Dungeon (11/15)            Temple (1/1) D:4             Orc (0/2) D:10
Ossuary (visited)
   Lair: D:8-11

Altars:
Ashenzari
Cheibriados
Dithmenos
Elyvilon
Fedhas
Gozag
Hepliaklqana
Makhleb
Nemelex Xobeh
Okawaru
Qazlal
Ru
Trog
Uskayaw
Wu Jian
Xom
Yredelemnul
Zin
The Shining One

Shops:
D:6 ?   D:7 ?   D:10 *


Innate Abilities, Weirdness & Mutations

You are immune to sickness and miasma.
You are immune to poison.
Your flesh is very heat resistant. (rF++)
You are vulnerable to cold. (rC-)
You float through the air rather than walking.
You learn spells naturally, not from books.
Your magical power is your life essence.
You have superior vitality. (+4 MHP)


Message History

You ignite the poison in your surroundings!
The death yak seems to burn from within!!
You kill the death yak!
The death yak gores you.
Your Dodging skill increases to level 5!
The death yak completely misses you.
Casting: Ignite Poison (dangerous; 9% risk of failure)
Confirm with . or Enter, or press ? or * to list all spells.
Aiming: Poisonous Vapours (safe; 4% risk of failure)
Press: ? - help, Dir - move target, f - death yak
Aim: a death yak Poisonous vapours surround the death yak!
The death yak is poisoned.
The death yak gores you but does no damage.
Casting: Poisonous Vapours (safe; 4% risk of failure)
Confirm with . or Enter, or press ? or * to list all spells.
Aiming: Poisonous Vapours (safe; 4% risk of failure)
Press: ? - help, Dir - move target, f/p - death yak
Aim: a death yak (poisoned) Poisonous vapours surround the death yak!
The death yak looks even sicker.
The death yak gores you!
Casting: Poisonous Vapours (safe; 4% risk of failure)
Confirm with . or Enter, or press ? or * to list all spells.
Aiming: Poisonous Vapours (safe; 4% risk of failure)
Press: ? - help, Dir - move target, f/p - death yak
Aim: a death yak (very poisoned) Poisonous vapours surround the death yak!
The death yak looks as sick as possible!
The death yak gores you!
Casting: Poisonous Vapours (safe; 4% risk of failure)
Confirm with . or Enter, or press ? or * to list all spells.
You ignite the poison in your surroundings!
The death yak seems to burn from within!!!
The death yak is severely wounded.
* * * LOW HITPOINT WARNING * * *
The death yak gores you!!
* * * LOW HITPOINT WARNING * * *
The death yak gores you!!
You die...
Your body crumbles into a pile of gold.

##'############.#####
#.# #.# #.## #.# #..#
#.# ##.## #.# #..#
#.# ##.# #+# #.##
#@$# ##Y# #.# #.# #.#
#.# #.# #.# ... +


You could see a death yak.

Vanquished Creatures
  A two-headed ogre (D:11)
  2 death yaks (D:11)
  Maggie (D:8)
  2 trolls
  2 shadows
  A vampire (D:10)
  4 wraiths
  5 yaks (D:10)
  A wyvern (D:7)
  A steam dragon (D:7)
  Menkaure (D:5)
  An acid dragon (D:11)
  A water moccasin (D:4)
  5 orc warriors
  2 sky beasts
  3 ice beasts
  3 black bears
  2 ogres
  4 centaurs
  4 phantoms
  3 kobold brigands
  2 necrophages
  3 gnoll sergeants
  4 bullfrogs
  2 scorpions (D:6)
  3 wights (D:7)
  2 troll zombies (D:10)
  15 killer bees
  A howler monkey (D:6)
  3 jellies
  4 hounds
  5 orc priests
  Terence (D:3)
  Jessica (D:3)
  6 iguanas
  A hell rat (D:11)
  12 orc wizards
  3 ogre zombies (D:10)
  A mummy (D:6)
  22 gnolls
  7 adders
  A river rat (D:11)
  A shadow imp (D:7)
  A white imp (D:7)
  An ufetubus (D:3)
  3 worms
  A dart slug (D:4)
  55 orcs
  3 bats
  8 endoplasms
  2 giant cockroaches
  4 goblins
  9 hobgoblins
  6 jackals
  23 kobolds
  7 quokkas
  9 ball pythons
  5 frilled lizards
  A goblin zombie (D:10)
  A hobgoblin skeleton (D:10)
  4 hobgoblin zombies (D:10)
  3 orc skeletons (D:10)
  9 orc zombies (D:10)
  4 rats
308 creatures vanquished.

Vanquished Creatures (others)
  2 yaks (D:9)
  An ogre (D:4)
  A wight (D:7)
  An orc wizard (D:6)
  A gnoll (D:6)
  A fungus (D:4)
7 creatures vanquished.

Grand Total: 315 creatures vanquished

Notes
Turn   | Place    | Note
-------+----------+-------------------------------------------
     0 | D:1      | dolemite99 the Djinni Hunter began the quest for the Orb.
     0 | D:1      | Reached XP level 1. HP: 18/18 MP: 0/0
    53 | D:1      | Reached XP level 2. HP: 23/23 MP: 0/0
   384 | D:1      | Reached XP level 3. HP: 28/28 MP: 0/0
   384 | D:1      | Learned a level 1 spell: Kiss of Death
   391 | D:1      | Reached skill level 4 in Ranged Weapons
   975 | D:2      | Reached XP level 4. HP: 33/33 MP: 0/0
  1270 | D:3      | Reached skill level 5 in Ranged Weapons
  1270 | D:3      | Reached XP level 5. HP: 38/38 MP: 0/0
  1270 | D:3      | Learned a level 2 spell: Poisonous Vapours
  1601 | D:3      | Noticed Terence
  1616 | D:3      | Killed Terence
  1617 | D:3      | Reached skill level 1 in Spellcasting
  2079 | D:3      | Reached XP level 6. HP: 43/43 MP: 0/0
  2397 | D:3      | Noticed Jessica
  2399 | D:3      | Killed Jessica
  2538 | D:3      | Found a stormy altar of Qazlal.
  2620 | D:4      | Found a blossoming altar of Fedhas.
  2789 | D:4      | Noticed a water moccasin
  2799 | D:4      | Killed a water moccasin
  2800 | D:4      | Reached XP level 7. HP: 35/43 MP: 0/0
  2800 | D:4      | Learned a level 3 spell: Summon Guardian Golem
  2892 | D:4      | Found a staircase to the Ecumenical Temple.
  2958 | Temple   | Entered the Ecumenical Temple
  3114 | Temple   | Became a worshipper of Gozag Ym Sagoz the Greedy
  3342 | D:4      | Found a hide-covered altar of Uskayaw.
  3565 | D:4      | Reached XP level 8. HP: 49/54 MP: 0/0
  3786 | D:4      | Reached skill level 6 in Ranged Weapons
  4411 | D:5      | Entered Level 5 of the Dungeon
  5200 | D:5      | Found a glowing golden altar of the Shining One.
  5200 | D:5      | Found a glowing silver altar of Zin.
  5200 | D:5      | Found a white marble altar of Elyvilon.
  5246 | D:5      | Reached skill level 7 in Ranged Weapons
  5411 | D:5      | Noticed Menkaure
  5430 | D:5      | Killed Menkaure
  5762 | D:5      | Reached skill level 8 in Ranged Weapons
  5762 | D:5      | Reached XP level 9. HP: 20/58 MP: 0/0
  5762 | D:5      | Learned a level 3 spell: Ignite Poison
  6352 | D:6      | Reached skill level 9 in Ranged Weapons
  6354 | D:6      | Found Gaal's Magic Scroll Shop.
  6683 | D:6      | Found a sand-covered staircase.
  6693 | Ossuary  | Entered an ossuary
  6837 | D:6      | Reached skill level 10 in Ranged Weapons
  6952 | D:6      | Reached skill level 1 in Short Blades
  6952 | D:6      | Reached XP level 10. HP: 30/64 MP: 0/0
  7582 | D:7      | Bought a scroll of teleportation for 45 gold pieces
  7582 | D:7      | Bought a scroll of fear for 60 gold pieces
  7582 | D:7      | Bought a scroll of butterflies for 60 gold pieces
  7582 | D:7      | Bought a scroll of butterflies for 60 gold pieces
  7624 | D:7      | Reached skill level 5 in Short Blades
  8230 | D:7      | Identified the +1 leather armour "Aseas" {rF+ SInv}
  9492 | D:8      | Identified the +1 war axe of Hatred {heavy, rElec rPois rF+
                  | SInv}
  9562 | D:8      | Identified a scroll of acquirement
  9563 | D:8      | Acquired the +2 pair of gloves of the Dropbear {Drain
                  | Will+++}
  9808 | D:8      | Noticed Maggie
  9817 | D:8      | Killed Maggie
  9899 | D:8      | Found a bloodstained altar of Trog.
 10384 | D:9      | Found a broken altar of Ashenzari.
 10563 | D:9      | Reached XP level 11. HP: 52/71 MP: 0/0
 10563 | D:9      | Learned a level 5 spell: Irradiate
 11245 | D:9      | Reached skill level 5 in Fighting
 11582 | D:10     | Entered Level 10 of the Dungeon
 12220 | D:10     | Found a staircase to the Orcish Mines.
 12291 | D:10     | Found Nogiryte's Assorted Antiques.
 12299 | D:10     | Bought a scroll of blinking for 172 gold pieces
 12299 | D:10     | Bought a potion of curing for 69 gold pieces
 13567 | D:10     | Found a shadowy altar of Dithmenos.
 13640 | D:10     | Found a basalt altar of Yredelemnul.
 13641 | D:10     | Found a sparkling altar of Nemelex Xobeh.
 13643 | D:10     | Found a sacrificial altar of Ru.
 13858 | D:10     | Found a hazy altar of Hepliaklqana.
 14206 | D:11     | Noticed a two-headed ogre
 14213 | D:11     | Killed a two-headed ogre
 14232 | D:11     | Noticed a death yak
 14232 | D:11     | Noticed a death yak
 14232 | D:11     | Noticed a death yak
 14531 | D:11     | Killed a death yak
 15080 | D:11     | Killed a death yak
 15081 | D:11     | Reached skill level 5 in Dodging
 15086 | D:11     | Mangled by a death yak

Illustrated notes

Levels and vault maps discovered:
D:1:      mainiacjoe_arrival_reflecting_pool, layout_loops_ring,
          minmay_pentomino_p2
D:2:      layout_basic
D:3:      layout_basic, lemuel_tele_altar, uniq_jessica, uniq_terence
D:4:      layout_gridville, mainiacjoe_overflow_cross_hatched,
          nicolae_uskayaw_suspiria, minmay_temple_entry_glassed_door,
          minmay_bent
D:5:      layout_gridville, dreamdust_divine_triumvirate, uniq_menkaure
D:6:      layout_cave_pools, led_sif_pool, gup_ossuary_entry_pyramid,
          serial_shops, nicolae_diamond_shop, grunt_ministairs_10, minivault_24,
          minmay_unpleasant_kobolds
D:7:      layout_loops_ring
D:8:      layout_basic, trog_hazing_becter, uniq_maggie
D:9:      layout_roguey [special_room_orc], evilmike_ruin_ashenzari
D:10:     layout_long_grid, general_overflow_altar, minitemple,
          zombieorc1_lemuel, serial_shops, nicolae_stop_n_shop_2
D:11:     layout_roguey, dpeg_lair_monsters
Temple:   hellmonk_temple_flake

Skill      XL: |  1  2  3  4  5  6  7  8  9 10 11 |
---------------+----------------------------------+-----
Ranged Weapons | 4 5 8 10 | 10.2
Spellcasting   | 1 3 4 |  4.2
Short Blades   | 1 7 |  7.6
Fighting       | 3 8 |  8.7
Dodging        | 5 |  5.5
Stealth        | |  0.7

Action                     |  1- 3 |  4- 6 |  7- 9 | 10-12 || total
---------------------------+-------+-------+-------+-------++-------
  Melee: Dagger            |       |       |    13 |       ||    13
   Fire: Shortbow          |    74 |   151 |   197 |   308 ||   730
   Cast: Kiss of Death     |       |     3 |       |     1 ||     4
         Poisonous Vapours |       |     6 |   101 |   138 ||   245
         Summon Guardian G |       |       |    17 |    20 ||    37
         Ignite Poison     |       |       |    10 |    34 ||    44
 Invoke: Call Merchant     |       |       |       |     1 ||     1
  Evoke: Wand              |       |       |     1 |     7 ||     8
         Box of beasts     |       |       |       |     1 ||     1
    Use: Scroll            |       |    11 |    10 |    13 ||    34
         Potion            |       |     5 |       |     2 ||     7
 Armour: Leather armour    |     9 |    15 |    49 |    43 ||   116
  Dodge: Dodged            |    19 |    56 |   113 |   143 ||   331

Table legend: (Time is in decaauts)
 A = Elapsed time spent in this place.
 B = Non-inter-level travel time spent in this place.
 C = Inter-level travel time spent in this place.
 D = Time resting spent in this place.
 E = Time spent auto-exploring this place.
 F = Levels seen in this place.
 G = Mean time per level.
                   A        B        C        D        E       F      G
               +--------+--------+--------+--------+--------+-----+--------+
         Total |  15192 |  14650 |    542 |   5589 |   5908 |  13 | 1168.6 |
       Dungeon |  15002 |  14480 |    522 |   5589 |   5768 |  11 | 1363.8 |
        Temple |    165 |    145 |     20 |      0 |    136 |   1 |  165.0 |
       Ossuary |     23 |     23 |      0 |      0 |      4 |   1 |   23.0 |
               +--------+--------+--------+--------+--------+-----+--------+

Top non-repeatable levels by time:
     D:4: 2386 daAuts
    D:10: 2000 daAuts
     D:9: 1978 daAuts
     D:8: 1640 daAuts
     D:3: 1471 daAuts
     D:6: 1249 daAuts
     D:5: 1044 daAuts
     D:7: 988 daAuts
    D:11: 931 daAuts
     D:1: 765 daAuts
     D:2: 545 daAuts
  Temple: 165 daAuts
 Ossuary: 23 daAuts
